Map: Fortezza segreta

Players

LaWeedaLoca - Winner!

  • Race: Zerg Zerg
  • League: Master
  • Spawn Location: 9:00

illusio - Winner!

  • Race: Terran Terran
  • League: Platinum
  • Spawn Location: 12:00

IlBirraioOo - Winner!

  • Race: Protoss Protoss
  • League: Diamond
  • Spawn Location: 12:00

Jhyrachy - Winner!

  • Race: Zerg Zerg
  • Spawn Location: 3:00

ECHO

  • Race: Terran Terran
  • League: Platinum
  • Spawn Location: 6:00

Evassive

  • Race: Protoss Protoss
  • Spawn Location: 5:00

niceNeasy

  • Race: Protoss Protoss
  • Spawn Location: 6:00

DaddyG

  • Race: Protoss Protoss
  • Spawn Location: 7:00

VOD

Have the link to the VOD?

Description

Time

  • Played on: Feb. 6, 2016, 5:11 p.m.
  • Length: 15:15
Show
View Real Time Build Order
Export as new Build Order

LaWeedaLoca Zerg - Winner!

Build Orders: Hatch First 

Get SALT Encoding   

  12  0:01  Drone  
  13  0:12  Overlord  
  13  0:18  Drone  
  14  0:31  Drone x2  
  16  0:38  Drone  
  17  0:47  Drone  
  18  1:01  Hatchery  
  17  1:06  Drone  
  18  1:15  Spawning Pool  
  17  1:22  Drone x2  
  17  1:23  Extractor  
  18  1:29  Drone  
  19  1:39  Overlord  
  19  1:52  Drone  
  20  2:02  Queen  
  20  2:03  Zergling x2  
  23  2:17  Queen  
  23  2:19  Zergling x4  
  27  2:27  Drone x2  
  27  2:29  Metabolic Boost  
  29  2:40  Drone  
  29  2:41  Drone  
  31  2:50  Hatchery  
  30  2:53  Drone  
  30  2:54  Drone  
  30  2:57  Overlord  
  32  3:03  Drone  
  33  3:11  Queen  
  35  3:14  Drone  
  35  3:17  Overlord  
  35  3:18  Drone x2  
  35  3:19  Drone  
  39  3:26  Spore Crawler  
  38  3:30  Spore Crawler  
  38  3:31  Lair  
  37  3:35  Drone x2  
  37  3:37  Drone  
  37  3:39  Drone  
  37  3:40  Drone  
  42  3:42  Drone  
  43  3:56  Extractor  
  43  3:57  Extractor x2, Drone  
  43  3:58  Drone x4  
  43  4:02  Queen  
  47  4:07  Drone x4  
  47  4:08  Drone  
  52  4:14  Spore Crawler  
  52  4:16  Spore Crawler  
  50  4:40  Spire  
  50  4:43  Spore Crawler, Drone  
  50  4:44  Drone x9  
  58  4:49  Overlord x3  
  58  4:58  Zergling x2  
  58  5:06  Zergling x6  
  58  5:13  Zergling x16  
  58  5:14  Zergling x4  
  59  5:29  Drone x4  
  59  5:30  Drone  
  64  5:38  Drone  
  64  5:39  Drone  
  66  5:55  Overlord  
  66  5:56  Overlord x8  
  66  6:09  Zerg Flyer Weapons Level 1  
  66  6:18  Mutalisk  
  66  6:19  Mutalisk x6  
  66  6:20  Mutalisk  
  82  6:27  Mutalisk x2  
  82  6:31  Extractor  
  85  6:33  Extractor  
  85  6:35  Corruptor  
  86  7:02  Drone  
  86  7:03  Drone x13  
  100  7:13  Mutalisk  
  100  7:14  Mutalisk x4  
  110  7:48  Mutalisk  
  110  7:49  Mutalisk x6  
  124  7:51  Overlord  
  124  7:52  Overlord x3  
  124  8:01  Spire  
  123  8:07  Zergling x2  
  123  8:08  Zergling x4  
  123  8:11  Zerg Flyer Armor Level 1, Hatchery  
  123  8:31  Corruptor, Overlord  
  123  8:32  Corruptor  
  123  8:33  Corruptor x2  
  131  8:51  Corruptor x3  
  137  9:36  Corruptor x2  
  137  9:37  Corruptor x5  
  111  9:55  Drone  
  111  9:56  Drone x4  
  116  10:02  Zerg Flyer Weapons Level 2  
  116  10:10  Infestation Pit  
  116  10:12  Mutalisk x3  
  121  10:15  Extractor  
  121  10:17  Extractor  
  119  10:24  Zerg Flyer Armor Level 2  
  119  10:36  Mutalisk x2  
  113  11:11  Mutalisk x7  
  121  11:19  Mutalisk x2  
  125  11:32  Hive  
  122  11:52  Mutalisk x5  
  124  12:12  Overseer  
  124  12:13  Pneumatized Carapace  
  124  12:16  Overseer x2  
  124  12:18  Mutalisk  
  124  12:19  Mutalisk x3  
  132  12:37  Zergling x22  
  132  12:38  Zergling x10  
  145  12:53  Mutalisk x6  
  154  13:14  Mutalisk x6  
  161  13:31  Greater Spire  
  153  13:49  Mutalisk  
  153  13:50  Mutalisk x5  
  153  13:52  Zergling x2  
  153  13:53  Zergling x10  
  155  14:23  Mutalisk x7  
  160  14:27  Zergling x14  
  167  14:48  Hatchery  
Show
View Real Time Build Order
Export as new Build Order

illusio Terran - Winner!

Build Orders: Reaper Expand, MMM Bio 

Get SALT Encoding   

  12  0:01  SCV  
  13  0:14  SCV  
  14  0:25  Supply Depot  
  14  0:26  SCV  
  15  0:47  SCV  
  16  0:51  Barracks  
  16  0:54  Refinery  
  16  0:59  SCV  
  17  1:11  SCV  
  18  1:23  SCV  
  19  1:35  Command Center  
  19  1:38  Orbital Command  
  19  1:42  Reaper  
  20  2:04  SCV  
  21  2:08  Supply Depot  
  21  2:20  SCV  
  21  2:21  Barracks Reactor  
  22  2:27  Refinery  
  22  2:34  Factory  
  22  2:35  SCV  
  23  2:47  SCV  
  24  2:58  Orbital Command  
  24  2:59  SCV  
  25  3:11  Marine x2  
  26  3:17  Supply Depot  
  27  3:20  SCV  
  27  3:30  Factory Tech Lab  
  27  3:31  Starport  
  27  3:32  SCV x2  
  27  3:34  Refinery  
  29  3:35  Refinery  
  29  3:38  Marine x2  
  31  3:43  Barracks  
  31  3:44  SCV x2  
  31  3:46  Barracks  
  33  3:56  SCV x2  
  33  4:01  Marine, Engineering Bay  
  36  4:03  Marine  
  36  4:04  Cyclone  
  40  4:13  Viking  
  42  4:21  Marine  
  42  4:22  Marine  
  44  4:24  SCV x2  
  44  4:30  Terran Infantry Weapons Level 1  
  46  4:33  Missile Turret  
  46  4:36  Missile Turret, SCV  
  46  4:37  SCV  
  48  4:43  Barracks Tech Lab  
  48  4:45  Barracks Reactor, Supply Depot  
  48  4:52  Missile Turret  
  48  4:53  Medivac  
  48  4:58  Marine x2  
  52  5:01  SCV x2  
  54  5:13  SCV  
  55  5:16  Marine x2  
  57  5:22  SCV  
  57  5:25  Command Center, SCV  
  59  5:31  Stimpack  
  59  5:32  Marauder, Marine  
  62  5:44  Marine, Supply Depot  
  62  5:45  SCV x2, Supply Depot  
  62  5:46  Marine x2  
  62  5:48  Siege Tank  
  70  5:51  Marine  
  70  6:05  Marauder, SCV x2  
  70  6:07  Command Center, Marine x2  
  76  6:13  Supply Depot x2  
  76  6:16  Armory  
  76  6:17  SCV  
  77  6:18  Engineering Bay  
  77  6:21  Marine x2  
  77  6:24  Starport Reactor  
  77  6:25  Marine x2  
  81  6:27  Marauder  
  81  6:48  Siege Tank, Barracks  
  81  6:49  Terran Infantry Armor Level 1, Barracks  
  81  6:51  Barracks  
  81  6:54  SCV x2  
  86  7:02  Medivac x2  
  86  7:03  Marine x2  
  86  7:06  SCV x2  
  86  7:07  Marauder  
  96  7:18  SCV  
  97  7:24  Orbital Command  
  97  7:25  SCV  
  98  7:30  SCV  
  98  7:32  Combat Shields  
  98  7:37  SCV  
  98  7:43  Marine  
  98  7:44  Marine x3  
  96  7:48  Barracks Reactor x3  
  67  8:15  Marine x2  
  67  8:16  Marine x3  
  67  8:19  Siege Tank  
  75  8:23  Supply Depot  
  75  8:25  Marine x2  
  75  8:26  Marine x2, Supply Depot  
  79  8:30  Terran Ship Weapons Level 1  
  79  8:32  Medivac x2  
  83  8:34  Marauder  
  85  8:49  Marine x3  
  85  8:51  Concussive Shells  
  85  8:53  Orbital Command, Starport  
  85  8:55  Siege Tank  
  91  8:56  Marauder, Terran Infantry Weapons Level 2  
  91  9:01  Terran Infantry Armor Level 2  
  91  9:02  Medivac x2  
  97  9:07  SCV x2  
  101  9:17  Marauder  
  101  9:19  SCV  
  101  9:20  SCV  
  101  9:21  Liberator  
  103  9:27  Siege Tank  
  103  9:29  Marine x2  
  103  9:30  Marine x2  
  103  9:31  Marine x2, SCV  
  110  9:32  Marine x2, SCV  
  110  9:33  Marine x2  
  110  9:35  Starport Reactor  
  123  9:38  Marauder  
  123  9:41  Liberator  
  121  9:55  Refinery x2  
  124  10:01  Marine x6  
  124  10:02  Marine x3  
  133  10:12  Supply Depot  
  133  10:16  Liberator x2, Supply Depot  
  133  10:35  Supply Depot  
  139  10:38  Marine x5  
  139  10:39  Marine x5  
  149  10:48  Liberator  
  149  10:50  Marine  
  136  10:58  Supply Depot  
  136  10:59  Liberator  
  133  11:08  Marine x4  
  133  11:09  Marine x4  
  144  11:24  Liberator  
  144  11:25  Liberator  
  144  11:31  Liberator  
  144  11:42  Liberator  
  145  11:57  Marine x2  
  145  11:58  Marine x6  
  145  11:59  Marine x3  
  157  12:07  Liberator x2  
  146  12:14  Liberator  
  146  12:15  Marine  
  127  12:25  Liberator  
  127  12:27  Marine x3  
  127  12:28  Marine x6  
  127  12:29  Marine  
  149  12:44  Marine  
  149  12:45  Marine x4  
  149  12:46  Marine x2  
  155  12:54  Marine x4  
  157  13:02  Marine  
  149  13:10  Liberator x4  
  149  13:11  Marine  
  149  13:12  Marine x5  
  118  13:30  Siege Tank  
  118  13:31  Marine x3  
  118  13:32  Marine x7  
  143  13:52  Liberator  
  143  13:53  Liberator x3  
  141  14:02  Siege Tank  
  142  14:06  Marine x2  
  142  14:07  Marine x8  
  161  14:34  Siege Tank  
  164  14:55  Command Center  
Show
View Real Time Build Order
Export as new Build Order

IlBirraioOo Protoss - Winner!

Build Orders: Dark Templar Rush 

Get SALT Encoding   

  12  0:03  Probe (Chrono Boost)  
  14  0:16  Probe (Chrono Boost)  
  14  0:19  Pylon  
  14  0:26  Probe (Chrono Boost)  
  15  0:37  Gateway  
  15  0:40  Probe (Chrono Boost)  
  16  0:51  Probe (Chrono Boost)  
  16  0:53  Assimilator  
  16  0:57  Assimilator  
  17  1:01  Probe (Chrono Boost)  
  18  1:12  Probe (Chrono Boost)  
  19  1:23  Probe (Chrono Boost), Pylon  
  20  1:26  Zealot  
  22  1:33  Probe (Chrono Boost)  
  22  1:37  Cybernetics Core  
  23  1:44  Probe (Chrono Boost)  
  24  2:03  Probe (Chrono Boost)  
  25  2:13  Nexus  
  25  2:26  Twilight Council  
  25  2:28  Probe (Chrono Boost)  
  26  2:35  Warp Gate (Chrono Boost)  
  26  2:39  Zealot  
  26  2:42  Probe (Chrono Boost)  
  29  3:02  Dark Shrine  
  29  3:15  Probe (Chrono Boost)  
  29  3:16  Pylon  
  30  3:26  Mothership Core  
  32  3:32  Probe  
  33  3:39  Gateway  
  33  3:40  Gateway  
  33  3:42  Gateway  
  33  3:48  Probe x2  
  34  3:50  Pylon  
  35  3:59  Probe  
  35  4:00  Probe  
  35  4:09  Pylon  
  25  4:20  Probe  
  25  4:21  Probe  
  23  4:30  Probe  
  16  4:33  Probe  
  17  4:41  Probe  
  18  4:45  Probe  
  19  4:56  Dark Templar  
  21  5:12  Probe  
  21  5:13  Probe  
  23  5:25  Dark Templar  
  25  5:29  Probe  
  25  5:31  Probe  
  27  6:10  Sentry x4  
  35  6:27  Probe  
  35  6:28  Probe  
  33  6:34  Dark Templar x3  
  36  6:41  Probe  
  36  6:42  Probe  
  38  6:54  Probe x2  
  40  7:06  Probe  
  37  8:03  Probe  
  37  8:05  Probe  
  39  8:08  Dark Templar x3  
  45  8:14  Probe  
  45  8:17  Probe  
  45  8:24  Probe  
  46  8:29  Probe  
  47  8:35  Probe  
  47  8:41  Probe  
  49  8:45  Probe  
  50  8:50  Zealot x4  
  50  8:52  Charge  
  50  8:53  Probe  
  59  8:56  Probe  
  60  9:05  Probe  
  60  9:06  Probe  
  62  9:17  Probe  
  59  9:57  Zealot x4  
  67  10:05  Gateway  
  67  10:06  Gateway  
  67  10:13  Probe  
  65  10:14  Probe  
  67  10:28  Pylon  
  67  10:30  Pylon  
  67  10:32  Probe, Pylon  
  67  10:34  Probe  
  69  10:43  Probe  
  69  10:46  Probe  
  71  10:58  Zealot x4  
  71  10:59  Pylon  
  79  11:10  Zealot  
  79  11:11  Zealot  
  83  11:17  Gateway  
  83  11:19  Probe  
  83  11:20  Probe  
  85  11:28  Assimilator  
  85  11:32  Assimilator  
  85  11:39  Dark Templar x5  
  95  11:40  Dark Templar  
  97  11:50  Pylon  
  97  11:54  Archon x2  
  97  11:55  Archon  
  97  11:59  Probe  
  97  12:00  Probe  
  99  12:09  Probe  
  99  12:12  Probe  
  99  12:15  Zealot x4  
  107  12:19  Pylon  
  107  12:20  Probe  
  107  12:21  Pylon  
  107  12:22  Pylon  
  110  12:25  Pylon  
  110  12:39  Dark Templar x5  
  110  12:43  Dark Templar  
  122  12:53  Archon x2  
  122  12:55  Archon  
  122  13:02  Probe, Pylon  
  122  13:03  Probe  
  124  13:13  Zealot x5  
  124  13:15  Zealot  
  128  13:48  Zealot  
  128  13:49  Zealot x5  
  64  14:41  Zealot  
  64  14:42  Zealot x5  
  62  15:02  Gateway  
  62  15:04  Gateway  
  62  15:06  Gateway  
Show
View Real Time Build Order
Export as new Build Order

Jhyrachy Zerg - Winner!

Build Orders: Hatch First 

Get SALT Encoding   

  12  0:04  Drone  
  13  0:12  Drone  
  14  0:27  Overlord  
  14  0:46  Drone  
  15  0:53  Hatchery  
  14  0:59  Drone  
  15  1:05  Drone  
  15  1:11  Drone  
  17  1:23  Extractor  
  16  1:27  Spawning Pool  
  16  1:28  Drone  
  16  1:36  Drone  
  17  1:51  Drone  
  17  1:52  Drone  
  19  1:58  Drone  
  20  2:07  Drone  
  21  2:13  Extractor  
  21  2:15  Queen  
  22  2:19  Queen  
  22  2:22  Drone x2  
  26  2:28  Zergling x2  
  28  2:30  Drone  
  28  2:41  Overlord  
  28  3:22  Drone  
  28  3:23  Drone x2  
  31  3:28  Roach Warren  
  30  3:34  Queen  
  30  3:37  Drone x4  
  36  3:56  Hatchery  
  35  4:07  Overlord x2  
  35  4:19  Spore Crawler, Queen  
  35  4:23  Spore Crawler  
  35  4:28  Drone  
  35  4:29  Drone x6  
  42  5:17  Drone  
  42  5:18  Drone  
  42  5:19  Drone x3  
  42  5:21  Drone x6  
  48  5:22  Drone x4  
  57  5:30  Evolution Chamber  
  57  5:35  Evolution Chamber  
  55  5:41  Overlord x2  
  55  5:42  Overlord x2  
  55  5:50  Lair  
  55  5:57  Spore Crawler  
  55  6:01  Zerg Missile Weapons Level 1  
  55  6:02  Zerg Ground Armor Level 1  
  54  6:15  Roach x8  
  54  6:16  Roach x2  
  74  6:26  Extractor  
  74  6:28  Drone x2  
  74  6:29  Drone  
  74  6:32  Drone x2  
  78  6:33  Drone x3  
  78  6:35  Drone  
  82  6:43  Overlord  
  82  6:44  Overlord x4  
  82  6:53  Glial Reconstitution  
  84  7:01  Roach x3  
  84  7:02  Roach x3  
  94  7:10  Drone x2  
  94  7:11  Drone  
  97  7:16  Roach x6  
  109  7:49  Drone  
  109  7:50  Extractor, Drone x2  
  109  7:51  Drone  
  112  7:55  Overlord x3  
  112  7:56  Overlord x2  
  112  7:59  Zerg Missile Weapons Level 2  
  112  8:00  Zerg Ground Armor Level 2  
  112  8:16  Burrow  
  112  8:17  Pneumatized Carapace  
  112  8:41  Hatchery  
  111  8:51  Extractor  
  111  8:53  Extractor  
  109  9:12  Hydralisk Den  
  109  9:15  Infestation Pit  
  107  9:19  Zergling x2  
  107  9:21  Roach x3  
  107  9:22  Roach x25  
  107  9:23  Roach x3  
  170  9:24  Overlord  
  170  9:25  Overlord x2  
  170  10:03  Muscular Augments  
  170  10:05  Hive  
  170  10:24  Tunneling Claws  
  170  10:33  Roach x53  
  168  11:11  Roach x51  
  166  11:20  Zerg Ground Armor Level 3, Zerg Missile Weapons Level 3  
  150  11:55  Roach x41  
  144  12:25  Hydralisk  
  144  12:26  Hydralisk x17  
  144  12:27  Hydralisk x19  
  200  12:34  Roach x12  
  162  13:00  Hydralisk x6  
  162  13:01  Hydralisk x9  
  178  13:16  Extractor x2  
  166  14:03  Overseer  
  166  14:07  Hydralisk x4  
  166  14:08  Hydralisk x13  
Show
View Real Time Build Order
Export as new Build Order

ECHO Terran 

Build Orders: Liberator Opening, MMM Bio 

Get SALT Encoding   

  12  0:01  SCV  
  13  0:13  SCV  
  14  0:18  Supply Depot  
  14  0:25  SCV  
  15  0:39  SCV  
  15  0:41  Barracks  
  16  0:47  Refinery  
  16  0:58  SCV  
  17  1:10  SCV  
  18  1:18  Refinery  
  18  1:22  SCV  
  19  1:30  Marine  
  19  1:31  Supply Depot  
  20  1:34  Orbital Command  
  20  1:47  Marine  
  20  1:50  Factory  
  22  2:01  SCV  
  22  2:05  Marine  
  23  2:13  SCV  
  24  2:24  Barracks Reactor  
  24  2:34  Command Center  
  24  2:37  Hellion  
  26  2:50  SCV  
  27  2:59  Starport  
  27  3:02  SCV  
  28  3:13  Supply Depot  
  28  3:14  Marine, SCV  
  30  3:26  SCV  
  31  3:32  Supply Depot  
  31  3:35  Hellion x2  
  31  3:38  Starport Reactor  
  31  3:39  Barracks Tech Lab  
  35  3:57  Liberator, Hellion x2  
  35  4:00  Marine  
  35  4:01  Liberator  
  40  4:06  SCV  
  41  4:14  Engineering Bay  
  44  4:18  Marine, SCV  
  50  4:27  Orbital Command  
  49  4:34  Hellion  
  49  4:35  Hellion  
  49  4:36  SCV  
  54  4:45  Marine  
  54  4:49  Stimpack  
  55  5:03  Marine  
  55  5:06  Liberator  
  44  5:07  Liberator  
  50  5:23  Hellion x2  
  50  5:24  Marine  
  57  5:34  SCV x2  
  59  5:37  Barracks  
  59  5:38  Barracks  
  59  5:39  Missile Turret  
  59  5:42  Marine  
  60  5:44  Hellion  
  62  5:59  SCV  
  62  6:00  SCV  
  61  6:05  Hellion  
  61  6:11  SCV  
  62  6:27  SCV  
  62  6:34  Barracks Tech Lab  
  62  6:35  Barracks Tech Lab, Barracks  
  62  6:37  Barracks  
  62  6:39  Barracks  
  62  6:43  Missile Turret  
  62  7:00  Missile Turret  
  62  7:12  Supply Depot  
  62  7:16  Supply Depot  
  62  7:34  Marine x2, Hellion  
  70  7:37  Marine x3  
  70  7:38  SCV x2  
  72  7:50  SCV x2  
  73  7:57  Marine  
  73  7:58  Marine x4  
  78  8:22  Command Center  
  78  8:28  Starport  
  78  8:53  Supply Depot  
  78  8:55  Supply Depot x2  
  78  8:56  Terran Infantry Weapons Level 1, Supply Depot  
  78  8:58  Supply Depot, Combat Shields  
  78  9:14  Marine x2  
  78  9:15  Marine x4, Raven  
  78  9:16  Widow Mine x2, SCV x2  
  82  9:32  Marine x6  
  86  9:44  Widow Mine  
  85  9:50  Marine x6  
  91  9:56  Medivac x2  
  91  9:57  Medivac  
  97  10:01  Supply Depot  
  97  10:03  Orbital Command  
  97  10:08  Marine x6  
  97  10:11  Missile Turret  
  101  10:24  Hellion x2  
  101  10:26  Marine x6, SCV, Medivac  
  101  10:27  SCV  
  115  10:33  Refinery  
  115  10:35  Refinery  
  115  10:39  SCV  
  115  10:42  Engineering Bay  
  116  10:44  Marine x2  
  62  10:58  Marauder x2, Marine x2  
  62  11:01  Marine x2  
  66  11:11  Medivac  
  66  11:15  Marine  
  66  11:16  Marine  
  70  11:19  Marine x2  
  70  11:20  Marauder x2  
  70  11:23  Medivac  
  78  11:26  SCV x2  
  80  11:33  Marine x2  
  80  11:37  Marine x2  
  80  11:38  SCV x2  
  86  11:41  Marauder x2  
  87  11:51  Marine x2  
  86  11:55  Marine x2  
  84  12:02  Marauder x2  
  86  12:09  Marine x2  
  86  12:13  Marine x2  
  84  12:23  Marine x2  
  84  12:27  Marine x2  
  88  12:30  Marine x2  
  86  12:39  Medivac  
  86  12:42  Marauder x2  
  86  12:44  Marine, Medivac  
  94  12:45  Marine  
  94  12:48  Marine x2  
  97  13:02  Marine x2  
  97  13:03  Marauder x2  
  102  13:06  Marine x2  
  96  13:20  Marine x2  
  96  13:24  Marauder x2, Marine x2  
  102  13:38  Marine x2  
  99  13:42  Marine x2  
  99  13:45  Marine x2  
  101  13:56  Marine x2  
  101  13:59  Marine x2  
  84  14:03  Marine x2  
  84  14:10  Medivac  
  84  14:14  Marine x2  
  88  14:17  Marine x2  
  88  14:21  Marauder x2  
  87  14:31  Marine  
  87  14:32  Marine  
  87  14:35  Marine x2  
  91  14:43  Marauder x2  
  95  14:49  Marine x2  
  97  14:53  Marine x2  
Show
View Real Time Build Order
Export as new Build Order

Evassive Protoss 

Build Orders: Oracle Opening 

Get SALT Encoding   

  12  0:02  Probe (Chrono Boost)  
  13  0:25  Pylon  
  13  0:28  Probe (Chrono Boost)  
  14  0:33  Assimilator  
  14  0:38  Probe (Chrono Boost)  
  15  0:51  Probe (Chrono Boost)  
  15  0:57  Gateway  
  16  1:01  Probe (Chrono Boost)  
  17  1:05  Assimilator  
  17  1:10  Pylon  
  17  1:12  Probe (Chrono Boost)  
  18  1:27  Probe (Chrono Boost)  
  19  1:36  Gateway  
  19  1:37  Probe (Chrono Boost)  
  20  1:46  Cybernetics Core  
  20  1:48  Probe (Chrono Boost)  
  21  1:58  Probe (Chrono Boost)  
  22  2:04  Pylon  
  22  2:09  Probe (Chrono Boost)  
  23  2:19  Probe (Chrono Boost)  
  24  2:23  Stargate  
  24  2:28  Warp Gate (Chrono Boost)  
  24  2:36  Adept x2  
  28  2:41  Probe  
  29  2:53  Probe  
  28  3:05  Probe  
  28  3:09  Oracle (Chrono Boost)  
  31  3:17  Probe  
  32  3:35  Nexus  
  32  3:40  Probe  
  33  3:52  Probe  
  34  4:02  Void Ray (Chrono Boost)  
  38  4:19  Gateway  
  38  4:31  Gateway  
  38  4:32  Pylon  
  38  4:34  Pylon  
  38  4:37  Protoss Air Weapons Level 1 (Chrono Boost)  
  38  4:47  Probe  
  39  4:57  Probe x2  
  41  5:01  Void Ray (Chrono Boost)  
  45  5:09  Probe  
  45  5:13  Adept x2  
  54  5:43  Void Ray (Chrono Boost)  
  54  5:44  Stargate  
  54  5:46  Pylon  
  54  5:50  Probe  
  54  5:54  Assimilator  
  55  5:57  Pylon  
  55  6:03  Probe  
  56  6:37  Void Ray (Chrono Boost)  
  64  6:41  Void Ray (Chrono Boost)  
  56  6:50  Probe x2  
  58  6:57  Gateway  
  58  6:58  Pylon  
  58  7:00  Assimilator  
  58  7:02  Probe x2  
  58  7:04  Stalker  
  58  7:05  Stalker x3  
  68  7:14  Probe  
  71  7:41  Stalker x3  
  56  7:50  Stalker  
  54  8:13  Stalker x3  
  54  8:14  Stalker  
  64  8:23  Phoenix (Chrono Boost)  
  64  8:25  Stargate  
  64  8:37  Nexus  
  64  8:38  Pylon  
  64  8:39  Mothership Core (Chrono Boost)  
  64  8:41  Pylon  
  66  8:58  Forge  
  66  9:01  Protoss Air Armor Level 1  
  66  9:02  Phoenix  
  40  9:30  Probe (Chrono Boost)  
  34  9:31  Probe (Chrono Boost)  
  34  9:40  Probe (Chrono Boost)  
  34  9:42  Probe (Chrono Boost)  
  36  9:51  Probe (Chrono Boost)  
  45  10:07  Photon Cannon  
  45  10:12  Probe (Chrono Boost)  
  42  10:23  Phoenix x2  
  42  10:25  Probe (Chrono Boost)  
  42  10:27  Probe (Chrono Boost)  
  44  10:33  Stalker x2  
  48  10:36  Probe (Chrono Boost)  
  48  10:38  Probe (Chrono Boost)  
  48  10:41  Probe (Chrono Boost)  
  49  11:11  Void Ray  
  53  11:22  Probe (Chrono Boost)  
  53  11:24  Probe (Chrono Boost)  
  55  11:28  Void Ray  
  60  11:39  Stalker  
  53  12:00  Void Ray  
  40  12:33  Stalker  
  26  12:48  Zealot x3  
  19  13:15  Zealot  
  17  13:25  Gateway  
  17  13:30  Gateway  
  17  13:33  Pylon  
  17  13:45  Cybernetics Core  
  17  13:49  Probe (Chrono Boost)  
  18  14:02  Zealot  
  16  14:35  Stalker x2  
  16  14:36  Stalker  
  22  14:59  Stalker  
  24  15:00  Stalker x2  
Show
View Real Time Build Order
Export as new Build Order

niceNeasy Protoss 

Build Orders: Double Forge 

Get SALT Encoding   

  12  0:01  Probe (Chrono Boost)  
  13  0:14  Probe (Chrono Boost)  
  14  0:22  Pylon  
  14  0:26  Probe (Chrono Boost)  
  15  0:40  Gateway  
  15  0:47  Probe (Chrono Boost)  
  16  0:50  Assimilator  
  16  0:58  Probe (Chrono Boost)  
  17  1:08  Probe (Chrono Boost)  
  18  1:11  Pylon  
  18  1:19  Probe (Chrono Boost)  
  19  1:28  Cybernetics Core  
  19  1:30  Probe (Chrono Boost)  
  20  1:41  Probe (Chrono Boost)  
  21  1:58  Probe (Chrono Boost)  
  22  2:08  Adept  
  24  2:09  Probe (Chrono Boost), Warp Gate  
  25  2:24  Nexus  
  27  2:30  Mothership Core (Chrono Boost)  
  27  2:42  Pylon  
  27  2:44  Pylon  
  27  2:48  Probe (Chrono Boost)  
  28  2:57  Adept  
  30  2:58  Probe (Chrono Boost)  
  30  3:03  Gateway  
  31  3:09  Probe (Chrono Boost)  
  32  3:19  Probe (Chrono Boost)  
  33  3:21  Assimilator  
  33  3:28  Gateway  
  33  3:30  Probe (Chrono Boost), Gateway  
  33  3:33  Adept  
  36  3:39  Probe (Chrono Boost)  
  37  3:45  Probe (Chrono Boost)  
  38  3:57  Probe (Chrono Boost)  
  38  3:58  Probe (Chrono Boost), Forge  
  38  4:00  Assimilator  
  38  4:02  Assimilator  
  40  4:18  Adept x2  
  44  4:24  Probe (Chrono Boost)  
  44  4:25  Probe (Chrono Boost)  
  46  4:33  Protoss Ground Weapons Level 1  
  46  4:35  Probe (Chrono Boost)  
  46  4:37  Robotics Facility  
  47  4:39  Adept x2  
  47  4:40  Adept  
  47  4:45  Probe (Chrono Boost)  
  54  4:49  Pylon  
  54  4:50  Probe (Chrono Boost)  
  55  4:54  Forge  
  55  4:57  Probe (Chrono Boost)  
  56  5:05  Probe (Chrono Boost)  
  57  5:12  Pylon  
  57  5:15  Probe (Chrono Boost)  
  56  5:22  Probe (Chrono Boost)  
  56  5:23  Adept x2  
  56  5:24  Adept x2  
  65  5:32  Probe (Chrono Boost)  
  65  5:34  Protoss Ground Armor Level 1  
  66  5:38  Twilight Council  
  66  5:39  Probe (Chrono Boost)  
  67  5:53  Probe (Chrono Boost)  
  67  5:57  Observer  
  67  6:02  Photon Cannon  
  67  6:07  Photon Cannon  
  67  6:15  Resonating Glaives  
  67  6:32  Photon Cannon  
  66  6:45  Nexus, Adept x2  
  70  6:55  Robotics Bay  
  70  6:56  Protoss Ground Weapons Level 2  
  70  6:57  Pylon  
  70  6:59  Pylon  
  70  7:01  Pylon  
  70  7:03  Pylon  
  70  7:12  Pylon  
  72  7:15  Probe x2 (Chrono Boost)  
  72  7:18  Adept x3  
  78  7:24  Pylon  
  78  7:26  Probe x2 (Chrono Boost)  
  80  7:35  Observer  
  81  7:45  Adept x4  
  81  7:47  Pylon  
  73  8:11  Adept x4  
  81  8:14  Disruptor  
  84  8:22  Robotics Facility  
  84  8:23  Gateway  
  84  8:24  Probe x2 (Chrono Boost)  
  84  8:25  Gateway  
  86  8:29  Gateway  
  86  8:32  Photon Cannon  
  86  8:33  Protoss Ground Armor Level 2  
  86  8:39  Templar Archives  
  86  8:40  Probe x3 (Chrono Boost)  
  89  8:45  Assimilator  
  89  8:46  Assimilator  
  89  8:49  Disruptor  
  92  9:01  Adept x2  
  92  9:02  Adept  
  98  9:11  Photon Cannon x2  
  98  9:31  High Templar x4  
  100  9:32  High Templar x3  
  100  9:35  Archon  
  100  9:36  Archon x2  
  112  9:57  Photon Cannon  
  112  9:59  Photon Cannon  
  112  10:02  Disruptor x2, Pylon  
  112  10:05  Adept x3  
  112  10:06  Adept x2  
  128  10:22  Photon Cannon  
  128  10:23  Probe x3 (Chrono Boost)  
  128  10:26  Protoss Ground Weapons Level 3  
  131  10:36  Photon Cannon  
  131  10:38  Photon Cannon  
  131  10:40  Photon Cannon  
  101  11:04  Adept x2  
  101  11:05  Adept x2  
  101  11:11  Disruptor x2  
  113  11:19  High Templar x3  
  113  11:23  Archon  
  113  11:24  Archon  
  119  11:26  Zealot x3  
  119  11:27  Zealot  
  119  11:30  Protoss Ground Armor Level 3  
  97  11:59  Adept x4  
  97  12:00  Adept x3  
  89  12:34  Photon Cannon  
  89  12:35  Photon Cannon  
  89  12:37  Photon Cannon, High Templar  
  89  12:38  High Templar x3  
  51  13:22  Zealot x3  
  51  13:23  Zealot x3  
  51  13:25  Pylon  
  63  13:44  High Templar  
  63  13:46  High Templar  
  67  13:51  Archon  
  66  14:12  Archon  
  66  14:13  Zealot x2  
  66  14:14  Zealot x3  
Show
View Real Time Build Order
Export as new Build Order

DaddyG Protoss 

Build Orders: Oracle Opening, Phoenix Opening 

Get SALT Encoding   

  12  0:02  Probe (Chrono Boost)  
  13  0:13  Probe (Chrono Boost)  
  14  0:21  Pylon  
  14  0:26  Assimilator  
  14  0:29  Probe (Chrono Boost)  
  15  0:39  Probe (Chrono Boost)  
  16  0:45  Gateway  
  16  0:50  Probe (Chrono Boost)  
  17  0:58  Assimilator  
  17  1:01  Probe (Chrono Boost)  
  18  1:09  Pylon  
  18  1:12  Probe (Chrono Boost)  
  19  1:23  Probe (Chrono Boost)  
  20  1:38  Cybernetics Core  
  20  1:41  Probe (Chrono Boost)  
  21  1:47  Zealot  
  21  1:51  Probe (Chrono Boost)  
  24  2:15  Stargate  
  24  2:17  Stargate  
  24  2:29  Zealot  
  26  3:02  Oracle (Chrono Boost)  
  29  3:09  Pylon  
  29  3:23  Nexus, Mothership Core (Chrono Boost)  
  29  3:27  Oracle (Chrono Boost)  
  34  3:40  Phoenix (Chrono Boost)  
  36  3:59  Phoenix (Chrono Boost)  
  35  4:41  Phoenix (Chrono Boost)  
  35  4:42  Phoenix (Chrono Boost)  
  39  4:52  Probe x2  
  41  5:04  Phoenix (Chrono Boost), Probe x2  
  45  5:16  Probe x2  
  45  5:18  Phoenix (Chrono Boost)  
  49  5:26  Pylon  
  49  5:28  Probe x2  
  51  5:29  Pylon  
  51  5:31  Pylon  
  51  5:40  Probe x2  
  53  5:46  Phoenix x2 (Chrono Boost)  
  57  5:52  Probe x2  
  57  5:56  Assimilator  
  59  5:58  Assimilator  
  59  6:04  Probe x2  
  61  6:16  Probe  
  62  6:59  Cybernetics Core  
  59  7:02  Forge  
  59  7:03  Phoenix x2 (Chrono Boost)  
  59  7:07  Fleet Beacon  
  63  7:09  Pylon  
  59  7:46  Photon Cannon  
  59  7:47  Photon Cannon  
  59  7:50  Photon Cannon  
  41  8:25  Phoenix x2 (Chrono Boost)  
  45  8:27  Probe  
  45  8:28  Probe  
  47  8:37  Photon Cannon  
  47  8:39  Probe (Chrono Boost), Photon Cannon x2  
  47  8:40  Probe (Chrono Boost)  
  49  8:42  Photon Cannon  
  49  8:48  Anion Pulse-Crystals  
  49  8:51  Probe x2 (Chrono Boost)  
  51  8:57  Zealot  
  51  8:59  Robotics Facility  
  51  9:01  Probe (Chrono Boost), Protoss Shields Level 1  
  51  9:02  Probe (Chrono Boost), Protoss Air Armor Level 1  
  55  9:03  Pylon  
  55  9:04  Protoss Air Weapons Level 1  
  55  9:12  Probe x2 (Chrono Boost)  
  57  9:22  Probe (Chrono Boost)  
  57  9:23  Probe (Chrono Boost)  
  55  9:53  Phoenix x2  
  59  10:13  Stargate  
  59  10:17  Stargate  
  59  10:18  Phoenix x2  
  63  10:30  Photon Cannon  
  63  10:32  Photon Cannon  
  63  10:37  Pylon  
  63  10:38  Pylon  
  63  10:42  Pylon  
  63  10:44  Pylon  
  63  11:03  Void Ray x3  
  63  11:04  Void Ray  
  57  11:28  Protoss Air Weapons Level 2  
  57  11:34  Protoss Air Armor Level 2  
  57  11:51  Nexus  
  57  11:54  Assimilator  
  57  11:58  Assimilator  
  34  12:16  Phoenix x2  
  34  12:17  Phoenix x2  
  42  12:48  Phoenix x2 (Chrono Boost)  
  42  12:51  Phoenix x2 (Chrono Boost)  
  50  13:22  Phoenix x2 (Chrono Boost)  
  50  13:25  Phoenix (Chrono Boost)  
  58  13:34  Phoenix (Chrono Boost)  
  58  13:42  Photon Cannon  
  58  13:43  Photon Cannon  
  58  13:46  Photon Cannon  
  58  13:48  Photon Cannon  
  58  13:50  Photon Cannon  
  58  13:54  Nexus  
  45  14:33  Phoenix x2 (Chrono Boost)  
  45  14:36  Phoenix (Chrono Boost)  
  45  14:37  Phoenix (Chrono Boost)  
Tags
 
Add a new tag
Caveats
  • Supply blocks, unpowered buildings, or Contaminate may cause inaccurate times.
  • Supply counts are checked every 10 seconds.